 Dungeon Crawl Stone Soup version 0.29-a0-1033-gb6c65ffae6 (webtiles) character file.

Game seed: 10140596563777256270

132 leavemydog the Conjurer (level 4, -1/24 HPs)
             Began as a Deep Elf Conjurer on Aug 14, 2022.
             Slain by a gnoll sergeant
             ... wielding a +0 trident
              (8 damage)
             ... on level 4 of the Dungeon.
             The game lasted 00:05:31 (3278 turns).

leavemydog the Conjurer (Deep Elf Conjurer)         Turns: 3278, Time: 00:05:33

Health: -1/24      AC:  2    Str:  4    XL:     4   Next: 92%
Magic:  2/12       EV: 12    Int: 25    God:
Gold:   93         SH:  0    Dex: 13    Spells: 1/11 levels left

rFire   . . .      SeeInvis .   l - +0 dagger (speed)
rCold   . . .      Faith    .   (no shield)
rNeg    . . .      Spirit   .   a - +0 robe
rPois   .          Reflect  .   (no helmet)
rElec   .          Harm     .   (no cloak)
rCorr   .          Rampage  .   (no gloves)
Will    +....                   (no boots)
Stlth   ++........              (no amulet)
HPRegen 0.08/turn               j - ring of willpower
MPRegen 0.13/turn               (no ring)

@: no status effects
A: no striking features
a: no special abilities


You were on level 4 of the Dungeon.
You visited 1 branch of the dungeon, and saw 4 of its levels.

You collected 93 gold pieces.

Inventory:

Hand Weapons
 l - a +0 dagger of speed (weapon)
Armour
 a - a +0 robe (worn)
 h - the +0 ring mail "Efiwnotro" {rElec rPois Dex+3 Slay+2}
   (You found it on level 3 of the Dungeon)

   Dex:       It affects your dexterity (+3).
   Slay:      It affects your accuracy & damage with ranged weapons and melee
   (+2).
   rElec:     It insulates you from electricity.
   rPois:     It protects you from poison.
Jewellery
 j - a ring of willpower (left hand)
 n - a ring of willpower
Scrolls
 e - a scroll of enchant weapon
 f - a scroll of teleportation {unknown}
 g - 2 scrolls of vulnerability
 k - 2 scrolls of amnesia {unknown}
 m - a scroll of fear {unknown}
Potions
 b - a potion of magic
 c - 3 potions of curing
 d - a potion of flight
 i - a potion of lignification


   Skills:
 - Level 2.4 Dodging
 - Level 2.4 Stealth
 + Level 4.1 Spellcasting
 + Level 6.1 Conjurations
 * Level 0.7 Translocations
 * Level 1.1 Earth Magic


You had one spell level left.
You knew the following spells:

 Your Spells              Type           Power      Damage    Failure   Level
a - Magic Dart            Conj           100%       1d8       1%          1
b - Searing Ray           Conj           72%        2d7       1%          2
c - Stone Arrow           Conj/Erth      46%        3d9       6%          3
d - Iskenderun's Mystic   Conj/Tloc      22%        2d6       22%         4

Your spell library contained the following spells:

 Spells                   Type           Power      Damage    Failure   Level
 Dazzling Flash           Conj/Hex       40%        N/A       8%          3
 Fulminant Prism          Conj/Hex       10%        3d9       26%         4
 Animate Armour           Summ/Erth      16%        N/A       56%         4
 Lehudib's Crystal Spear  Conj/Erth      11%        10d4      100%        8


Dungeon Overview and Level Annotations

Branches:
Dungeon (4/15)
 Temple: D:4-7

Altars:
Wu Jian

Shops:
D:2 (


Message History

The gnoll sergeant shouts!
The magic dart hits the gnoll sergeant.
The gnoll sergeant is lightly wounded.
The magic dart hits the gnoll sergeant but does no damage.
The gnoll sergeant is lightly wounded.
Casting: Magic Dart (safe; 1% risk of failure)
Confirm with . or Enter, or press ? or * to list all spells.
Aiming: Searing Ray (safe; 1% risk of failure)
Press: ? - help, Shift-Dir - straight line, f/p - gnoll sergeant
Aim: a gnoll sergeant, wielding a +0 trident, wearing a +0 scale mail and wearing a +2 kite shield (lightly wounded, 88% to hit)
The searing ray hits the gnoll sergeant.
The gnoll sergeant is moderately wounded. (Press . to maintain the ray.)
The searing ray hits the gnoll sergeant.
The gnoll sergeant is moderately wounded.
The searing ray hits the gnoll sergeant but does no damage.
The gnoll sergeant is moderately wounded.
The gnoll sergeant hits you from afar with a +0 trident!
Ouch! That really hurt!
* * * LOW HITPOINT WARNING * * *
The searing ray hits the gnoll sergeant.
The gnoll sergeant is heavily wounded.
You finish channelling your searing ray.
The gnoll sergeant hits you from afar with a +0 trident.
* * * LOW HITPOINT WARNING * * *
You feel better. The gnoll sergeant barely misses you.
Okay, then.
Casting: Searing Ray (safe; 1% risk of failure)
Confirm with . or Enter, or press ? or * to list all spells.
The spell is quite dangerous to miscast (6% risk of failure)!
Continue anyway?
Okay, then.
Casting: Stone Arrow (quite dangerous; 6% risk of failure)
Confirm with . or Enter, or press ? or * to list all spells.
The spell is quite dangerous to miscast (6% risk of failure)!
Continue anyway?
Aiming: Stone Arrow (quite dangerous; 6% risk of failure)
Press: ? - help, Shift-Dir - straight line, f/p - gnoll sergeant
Aim: a gnoll sergeant, wielding a +0 trident, wearing a +0 scale mail and wearing a +2 kite shield (heavily wounded, 83% to hit)
The gnoll sergeant blocks the stone arrow.
The gnoll sergeant hits you from afar with a +0 trident!
You die...

## ##.##
#....## #
##..#.###.#
##.........#..
#.............
#....†@)......
##...†........
#......g.^.....
#..............
#.###..........
.. ...........
#...........
#..#........


You could see a gnoll sergeant.

Vanquished Creatures
  4 gnolls
  2 adders
  4 worms
  4 orcs
  6 ball pythons
  2 endoplasms (D:1)
  2 giant cockroaches
  8 goblins
  4 hobgoblins
  4 jackals (D:4)
  2 quokkas
  2 bats
  5 frilled lizards
  6 kobolds
  6 rats
61 creatures vanquished.

Vanquished Creatures (others)
  5 plants (D:4)
5 creatures vanquished.

Grand Total: 66 creatures vanquished

Notes
Turn   | Place    | Note
-------+----------+-------------------------------------------
     0 | D:1      | leavemydog the Deep Elf Conjurer began the quest for the
                  | Orb.
     0 | D:1      | Reached XP level 1. HP: 10/10 MP: 6/6
   325 | D:1      | Reached XP level 2. HP: 15/15 MP: 5/8
   328 | D:1      | Learned a level 2 spell: Searing Ray
   458 | D:1      | You fall into a shaft and drop 1 floor!
   514 | D:2      | Reached skill level 5 in Conjurations
  1213 | D:1      | Reached XP level 3. HP: 19/19 MP: 7/9
  1673 | D:2      | Found Teory's Antique Weapon Emporium.
  1715 | D:2      | Found an ornate altar of the Wu Jian Council.
  1744 | D:2      | Found a faded altar of an unknown god.
  2138 | D:2      | Learned a level 3 spell: Stone Arrow
  2249 | D:3      | Reached XP level 4. HP: 24/24 MP: 7/11
  2255 | D:3      | Learned a level 4 spell: Iskenderun's Mystic Blast
  2551 | D:3      | Reached skill level 6 in Conjurations
  2821 | D:3      | Reached skill level 1 in Earth Magic
  2957 | D:3      | Identified the +0 ring mail "Efiwnotro" {rElec rPois Dex+3
                  | Slay+2}
  3269 | D:4      | Noticed a gnoll sergeant
  3278 | D:4      | Slain by a gnoll sergeant

Illustrated notes

Levels and vault maps discovered:
D:1:      minmay_arrival_loop, layout_basic, serial_bayou_pond_b
D:2:      layout_basic, basic_altar, shapermc_ecumenical_altar_petra,
          serial_shops, nicolae_shop_trees, minmay_bisected
D:3:      layout_rooms, grunt_decor_mini_mirrors
D:4:      layout_cave_pools, serial_bayou_pond_e, nicolae_grassy_gnolls

Skill      XL: |  1  2  3  4 |
---------------+-------------+-----
Conjurations   | 5 6 |  6.1
Spellcasting   | 4 |  4.1
Earth Magic    | 1 |  1.1
Dodging        | |  2.4
Stealth        | |  2.4
Translocations | |  0.7

Action                   |  1- 3 |  4- 6 || total
-------------------------+-------+-------++-------
 Cast: Magic Dart        |    78 |    40 ||   118
       Searing Ray       |       |     7 ||     7
       Stone Arrow       |       |     1 ||     1
  Use: Scroll            |     4 |     1 ||     5
       Potion            |       |     1 ||     1
Armor: Robe              |       |     2 ||     2
Dodge: Dodged            |     3 |    18 ||    21

Table legend: (Time is in decaauts)
 A = Elapsed time spent in this place.
 B = Non-inter-level travel time spent in this place.
 C = Inter-level travel time spent in this place.
 D = Time resting spent in this place.
 E = Time spent auto-exploring this place.
 F = Levels seen in this place.
 G = Mean time per level.
                   A        B        C        D        E       F      G
               +--------+--------+--------+--------+--------+-----+--------+
         Total |   3281 |   3176 |    105 |    635 |   2267 |   4 |  820.2 |
       Dungeon |   3281 |   3176 |    105 |    635 |   2267 |   4 |  820.2 |
               +--------+--------+--------+--------+--------+-----+--------+

Top non-repeatable levels by time:
     D:1: 1328 daAuts
     D:2: 1139 daAuts
     D:3: 687 daAuts
     D:4: 126 daAuts
